 Dungeon Crawl Stone Soup version 0.19-a0-787-gcef06a7 (webtiles) character file.

6829 Etesian the Spear-Bearer (level 11, -7/87 HPs)
             Began as a Merfolk Fighter on June 26, 2016.
             Was a Priest of Okawaru.
             Killed from afar by a molten gargoyle (10 damage)
             ... with a bolt of magma
             ... on level 10 of the Dungeon.
             The game lasted 00:18:52 (9004 turns).

Etesian the Spear-Bearer (Merfolk Fighter)          Turns: 9004, Time: 00:18:52

Health: -7/87      AC: 14    Str: 20    XL:     11   Next: 5%
Magic:  10/11      EV: -2    Int:  7    God:    Okawaru [***...]
Gold:   476        SH: 20    Dex: 16    Spells: 0 memorised, 10 levels left

rFire  . . .     SeeInvis .     a - +3 spear (venom)
rCold  . . .     Gourm    .     u - +0 plate armour
rNeg   . . .     Faith    .     s - +1 large shield
rPois  .         Spirit   .     (no helmet)
rElec  .         Dismiss  .     o - +0 cloak
rCorr  .         Reflect  +     (no gloves)
SustAt .         Harm     .     (no boots)
MR     .....                    B - +3 amulet of reflection
Stlth  ..........               G - +1 ring of evasion
                                e - +2 ring of strength

@: not resistant to hostile enchantments, extremely unstealthy
A: change form in water, swift swim
a: Heroism, Renounce Religion


You were on level 10 of the Dungeon.
You worshipped Okawaru.
Okawaru was most pleased with you.
You were hungry.

You visited 2 branches of the dungeon, and saw 11 of its levels.

You collected 476 gold pieces.

Inventory:

Hand Weapons
 a - a +3 spear of venom (weapon)
 t - a +0 trident
Missiles
 C - a throwing net (quivered)
Armour
 o - a +0 cloak (worn)
 s - a +1 large shield (worn)
 u - a +0 plate armour (worn)
Jewellery
 e - a +2 ring of strength (left hand)
 g - an uncursed ring of see invisible
 x - an uncursed ring of ice
 B - a +3 amulet of reflection (around neck)
 G - a +1 ring of evasion (right hand)
Scrolls
 b - 5 scrolls of remove curse
 w - 3 scrolls of identify
 y - a scroll of enchant armour
 z - a scroll of enchant weapon
Potions
 c - a potion of cancellation
 d - 2 potions of might
 i - a potion of cure mutation
 l - 3 potions of brilliance
 m - 2 potions of lignification
 n - 2 potions of heal wounds
 p - 3 potions of curing
 r - 2 potions of flight
 v - a potion of agility
 A - a potion of invisibility
 D - 2 potions of resistance
Miscellaneous
 F - a sack of spiders
Comestibles
 f - 8 bread rations
 h - 11 beef jerkies
 j - a meat ration
 k - 4 chunks of flesh
 q - 10 fruits


   Skills:
 + Level 8.8 Fighting
 * Level 14.5 Polearms
 + Level 6.0 Armour
 + Level 8.0 Shields


You had 10 spell levels left.
You didn't know any spells.

Dungeon Overview and Level Annotations

Branches:
Dungeon (10/15)            Temple (1/1) D:7
   Lair: D:8-11         Orc: D:9-12

Altars:
Ashenzari
Cheibriados
Dithmenos
Elyvilon
Fedhas
Gozag
Hepliaklqana
Kikubaaqudgha
Makhleb
Nemelex Xobeh
Okawaru
Pakellas
Qazlal
Ru
Sif Muna
Trog
Uskayaw
Vehumet
Xom
Yredelemnul
Zin
The Shining One

Shops:
D:6 (


Message History

The bolt of magma hits you!
* * * LOW HITPOINT WARNING * * *
The phantom hits you but does no damage.
You are too injured to fight recklessly!
You are too injured to fight recklessly!
You are too injured to fight recklessly!
You are too injured to fight recklessly!
You take 54 damage, and have 2/87 hp.
MASSIVE DAMAGE!!
You are too injured to fight recklessly!
You are too injured to fight recklessly!
You are too injured to fight recklessly!
You are too injured to fight recklessly!
You are too injured to fight recklessly!
You are too injured to fight recklessly!
You block the molten gargoyle's attack.
The phantom blinks!
There is a stone staircase leading up, spattered with blood here.
Okay, then.
The molten gargoyle blasts magma at you!
The bolt of magma hits you!
You die...

#.. #..#######
#........#
#........#
#.#......# .##
#.#....>.# ...###
#........#
....#.##........#
.........#.@....#
..........9.>...#
#................#
#....<.........#
#......9.(...#..#
#...........###.#
#...........## .#
#..##.#..#### #.#
#.#.#.


You could see 2 molten gargoyles.

Vanquished Creatures
  Erolcha (D:8)
  The ghost of ZiggyStardust the Stinger, a novice OpVM of Vehumet (D:7)
  Pikel (D:6)
  A molten gargoyle (D:10)
  A gargoyle (D:8)
  Prince Ribbit (D:6)
  Sigmund (D:6)
  The ghost of ig87 the Ruffian, an amateur NaTm (D:3)
  A wyvern (D:9)
  2 hungry ghosts (D:8)
  Grum (D:8)
  A black bear (D:8)
  2 ice beasts
  An orc warrior (D:6)
  3 slaves (D:6)
  4 phantoms
  3 wolves (D:8)
  4 ogres
  5 centaurs
  A crocodile (D:9)
  Blork the orc (D:6)
  A big kobold (D:7)
  4 giant frogs
  A scorpion (D:9)
  3 killer bees
  A howler monkey (D:5)
  A giant frog zombie (D:6)
  2 crimson imps (D:7)
  A centaur zombie (D:7)
  A jelly (D:7)
  A gnoll shaman (D:7)
  3 orc priests
  A quasit (D:9)
  2 hounds
  An iguana (D:5)
  6 orc wizards
  Ijyb (D:3)
  6 worker ants
  A killer bee zombie (D:7)
  3 hound skeletons
  A worker ant zombie (D:9)
  8 gnolls
  8 adders
  4 shadow imps
  4 oozes
  3 adder skeletons
  A dart slug (D:3)
  5 worms
  3 giant geckos
  22 orcs
  7 bats
  8 giant cockroaches
  18 goblins
  7 hobgoblins
  7 jackals
  5 quokkas
  2 ball pythons
  2 giant cockroach zombies
  A giant gecko skeleton (D:4)
  3 giant newts
  14 kobolds
  12 rats
222 creatures vanquished.

Vanquished Creatures (others)
  A quokka (D:6)
1 creature vanquished.

Grand Total: 223 creatures vanquished

Notes
Turn   | Place    | Note
--------------------------------------------------------------
     0 | D:1      | Etesian the Merfolk Fighter began the quest for the Orb.
     0 | D:1      | Reached XP level 1. HP: 18/18 MP: 1/1
    30 | D:1      | Reached XP level 2. HP: 18/24 MP: 2/2
   289 | D:1      | Reached XP level 3. HP: 24/29 MP: 3/3
   356 | D:1      | Reached skill level 4 in Polearms
   891 | D:2      | Reached XP level 4. HP: 24/37 MP: 4/4
  1102 | D:2      | Found a shadowy altar of Dithmenos.
  1102 | D:2      | Found an oddly glowing altar of Pakellas.
  1102 | D:2      | Found an ancient bone altar of Kikubaaqudgha.
  1102 | D:2      | Found a sacrificial altar of Ru.
  1115 | D:2      | Found a burning altar of Makhleb.
  1115 | D:2      | Found a snail-covered altar of Cheibriados.
  1154 | D:2      | Found a basalt altar of Yredelemnul.
  1519 | D:2      | Reached skill level 5 in Polearms
  1807 | D:3      | Reached XP level 5. HP: 40/42 MP: 5/5
  1894 | D:3      | Noticed ig87's ghost (amateur NaTm)
  1966 | D:3      | Killed ig87's ghost
  1966 | D:3      | Reached skill level 6 in Polearms
  1966 | D:3      | Reached XP level 6. HP: 20/49 MP: 6/6
  2645 | D:3      | Noticed Ijyb
  2672 | D:3      | Killed Ijyb
  2773 | D:3      | Reached skill level 7 in Polearms
  2903 | D:4      | Reached XP level 7. HP: 55/55 MP: 7/7
  3787 | D:5      | Entered Level 5 of the Dungeon
  3999 | D:5      | Found a sparkling altar of Nemelex Xobeh.
  4073 | D:5      | Reached skill level 8 in Polearms
  4258 | D:5      | Reached skill level 5 in Fighting
  4594 | D:6      | Reached XP level 8. HP: 62/62 MP: 8/8
  4611 | D:6      | Reached skill level 9 in Polearms
  4710 | D:6      | Noticed Sigmund
  4722 | D:6      | Reached skill level 5 in Shields
  4725 | D:6      | Killed Sigmund
  4746 | D:6      | Found Rurchoc's Antique Weapon Boutique.
  4806 | D:6      | Noticed Blork the orc
  4819 | D:6      | Killed Blork the orc
  4902 | D:6      | Noticed Pikel
  4924 | D:6      | Killed Pikel
  4924 | D:6      | Reached skill level 10 in Polearms
  4924 | D:6      | Reached XP level 9. HP: 52/71 MP: 9/9
  4946 | D:6      | Found a white marble altar of Elyvilon.
  5056 | D:6      | Reached skill level 11 in Polearms
  5268 | D:6      | Noticed Prince Ribbit
  5282 | D:6      | Killed Prince Ribbit
  5549 | D:7      | Found a staircase to the Ecumenical Temple.
  5560 | Temple   | Entered the Ecumenical Temple
  5613 | Temple   | Became a worshipper of Warmaster Okawaru
  5651 | D:7      | Noticed ZiggyStardust's ghost (novice OpVM)
  5674 | D:7      | Reached skill level 5 in Armour
  5711 | D:7      | Reached skill level 12 in Polearms
  6431 | D:7      | Killed ZiggyStardust's ghost
  6431 | D:7      | Reached XP level 10. HP: 79/79 MP: 10/10
  6735 | D:8      | Reached * piety under Okawaru
  6739 | D:8      | Noticed Grum
  6772 | D:8      | Reached skill level 13 in Polearms
  6785 | D:8      | Killed Grum
  7063 | D:8      | Noticed a gargoyle
  7066 | D:8      | Killed a gargoyle
  7391 | D:8      | Noticed Erolcha
  7406 | D:8      | Killed Erolcha
  7406 | D:8      | Reached ** piety under Okawaru
  7681 | D:9      | Reached skill level 14 in Polearms
  7953 | D:9      | Reached *** piety under Okawaru
  8157 | D:9      | Found an iron altar of Okawaru.
  8317 | D:10     | Entered Level 10 of the Dungeon
  8317 | D:10     | Noticed a hill giant
  8414 | D:10     | Noticed a molten gargoyle
  8573 | D:10     | HP: 2/82 [molten gargoyle/bolt of magma (22)]
  8578 | D:10     | Killed a molten gargoyle
  8578 | D:10     | Reached XP level 11. HP: 15/87 MP: 11/11
  9002 | D:10     | HP: 2/87 [molten gargoyle/bolt of magma (31)]
  9004 | D:10     | Killed from afar by a molten gargoyle

Vault maps used:
D:1:      onia_arrival_handbag, minmay_octomino_c4
D:2:      minmay_overflow_temple_hex, lemuel_round_altar
D:3:      kennysheep_the_goblin_king
D:4:      first_bread
D:5:      lemuel_crystal_altar
D:6:      elyvilon_altar_4, serial_shops, nicolae_shop_window_shopping,
          uniq_prince_ribbit1, uniq_blork_the_orc, uniq_pikel, uniq_sigmund
D:8:      grunt_ogre_cave, uniq_grum, uniq_erolcha
D:9:      serial_column_ruins, column_ruins_grid_3, column_ruins_grid_1,
          column_ruins_open_large, column_ruins_open_small_water,
          okawaru_trees_2
D:10:     orc_0_dummy, minivault_8, uniq_maurice
Temple:   cyrus_circular_temple

Skill      XL: |  1  2  3  4  5  6  7  8  9 10 11 |
---------------+----------------------------------+-----
Polearms       | 4 5 6 7 8 10 12 14 | 14.5
Fighting       | 4 5 6 7 8 |  8.8
Armour         | 3 4 5 6 |  6.0
Shields        | 4 5 6 7 8 |  8.0

Action                   |  1- 3 |  4- 6 |  7- 9 | 10-12 || total
-------------------------+-------+-------+-------+-------++-------
Melee: Trident           |   127 |   179 |       |       ||   306
       Spear             |       |    65 |   414 |   268 ||   747
Invok: Heroism           |       |       |       |     2 ||     2
  Use: Scroll            |     8 |     3 |    10 |     4 ||    25
       Potion            |       |       |     1 |     3 ||     4
 Stab: Distracted        |     1 |       |       |       ||     1
  Eat: Chunk             |       |     7 |    10 |     2 ||    19
       Meat ration       |       |       |       |     2 ||     2
       Pizza             |       |       |       |     2 ||     2
Armor: Scale mail        |    50 |    93 |       |       ||   143
       Plate armour      |       |     6 |    73 |    40 ||   119
       Skin              |       |       |     5 |     1 ||     6
Dodge: Dodged            |    22 |    61 |     8 |     5 ||    96
Block: Shield            |    50 |    99 |    15 |       ||   164
       Large shield      |       |       |   120 |   126 ||   246
       Reflection        |       |       |     1 |     8 ||     9
